 Dungeon Crawl Stone Soup version 0.28-a0-750-g7c675f85b1 (webtiles) character file.

Game seed: 14454599496721398837

20 ytrimaz the Skirmisher (level 2, 0/21 HPs)
             Began as a Demonspawn Fighter on Oct 30, 2021.
             Slain by an adder (4 damage)
             ... on level 1 of the Dungeon.
             The game lasted 00:01:32 (987 turns).

ytrimaz the Skirmisher (Demonspawn Fighter)          Turns: 987, Time: 00:01:32

Health: 0/21       AC:  6    Str: 15 (16) XL:     2   Next: 58%
Magic:  2/2        EV:  9    Int:  6 (9)  God:
Gold:   45         SH:  4    Dex:  9 (12) Spells: 1/1 levels left

rFire   . . .      SeeInvis .   a - +1 rapier
rCold   . . .      Faith    .   c - +0 buckler
rNeg    . . .      Spirit   .   b - +0 scale mail
rPois   .          Reflect  .   (no helmet)
rElec   .          Harm     .   (no cloak)
rCorr   .          Rampage  .   (no gloves)
Will    .....      Rnd*Tele +   (no boots)
Stlth   ..........              (no amulet)
HPRegen 0.07/turn               (no ring)
MPRegen 0.16/turn               (no ring)

@: no status effects
A: magic regeneration, frail 1, teleportitis 1, evolution 1, MP-powered wands
a: no special abilities


You were on level 1 of the Dungeon.
You visited 1 branch of the dungeon, and saw 2 of its levels.

You collected 45 gold pieces.

Inventory:

Hand Weapons
 a - a +1 rapier (weapon)
Armour
 b - a +0 scale mail (worn)
 c - a +0 buckler (worn)
Scrolls
 e - a scroll of identify {unknown}
 h - a scroll of fear {unknown}
Potions
 d - a potion of might
 f - a potion of mutation
 g - a potion of degeneration


   Skills:
 + Level 3.1 Fighting
 + Level 2.0 Short Blades
 + Level 3.0 Armour
 * Level 3.0 Shields


You had one spell level left.
You didn't know any spells.
Your spell library was empty.

Dungeon Overview and Level Annotations

Branches:
Dungeon (2/15)

Altars:

Annotations:
D:1 Natasha


Innate Abilities, Weirdness & Mutations

You regenerate magic rapidly.
You are frail. (-10% HP)
You are occasionally teleported next to monsters.
You have hidden genetic potential.
You expend magic power (3 MP) to strengthen your wands.


Message History

Natasha casts a spell.
The adder bites you.
You hit the adder but do no damage. The adder barely misses you.
The shadow imp shouts, "Give up, thou mammering doghearted puttock!"
The crimson imp blinks!
The adder barely misses you.
The shadow imp shouts, "Out, out, thou yeasty saucy pignut!"
The adder barely misses you.
There is a stone staircase leading up here.
The adder barely misses you. Natasha barely misses you.
You climb upwards.
The shadow imp disappears in a puff of smoke! x2
There is a stone staircase leading down here.
Natasha hisses.
The adder bites you. Natasha casts a spell at you. The magic dart hits you.
* * * LOW HITPOINT WARNING * * *
It was a potion of mutation.
You feel extremely strange.
You feel your magical essence link to the dungeon's wands.
You feel weirdly uncertain.
You feel frail.
You feel a hidden potential growing inside you.
You block the adder's attack.
Natasha casts a spell.
The adder bites you but does no damage.
It was a potion of degeneration.
There was something very wrong with that liquid.
You feel weakened.
You feel dopey.
You feel clumsy. The adder bites you but does no damage.
Natasha mumbles some strange words.
Natasha growls.
The crimson imp blinks!
The adder bites you but does no damage.
You see here a +0 short sword.
The white imp grins evilly.
Natasha mumbles some strange words.
The adder bites you but does no damage.
The crimson imp blinks!
The adder barely misses you.
Natasha mumbles some strange words.
The adder bites you but does no damage. The adder bites you.
You die...

#.......### ##...... .......##.#
########.....
..........###########......####.#
...............................>#
..........#........##.###..####.#
..........#........##.###..#.##.#
#######.###........##......#.##.#
#.###........######.......#
#..##.....@..# #.##.####
##.##.....S..# ####.##.# ######
#..#.....h..# #.....### .....#
##.######.#####.....# .....#
#.### #.5..........# .....# #...#
#.5#####.....#### .....# #...#
#...............# .....# #...#
#..###..........# .....# #...#
#.5###.#........#


You could see Natasha, a crimson imp (summoned), an adder and a white imp
(summoned).

Vanquished Creatures
  An adder (D:2)
  2 ball pythons (D:1)
  A bat (D:1)
  3 quokkas (D:1)
  A frilled lizard (D:1)
  2 kobolds (D:1)
  A rat (D:1)
11 creatures vanquished.

Notes
Turn   | Place    | Note
-------+----------+-------------------------------------------
     0 | D:1      | ytrimaz the Demonspawn Fighter began the quest for the Orb.
     0 | D:1      | Reached XP level 1. HP: 18/18 MP: 1/1
   200 | D:1      | Found a faded altar of an unknown god.
   246 | D:1      | Gained mutation: You regenerate magic rapidly. [demonic
                  | ancestry]
   246 | D:1      | Reached XP level 2. HP: 24/24 MP: 2/2
   938 | D:2      | Noticed Natasha
   941 | D:2      | Noticed a crimson imp
   943 | D:2      | Noticed a crimson imp
   968 | D:1      | Gained mutation: You expend magic power (3 MP) to
                  | strengthen your wands. [potion of mutation]
   968 | D:1      | Gained mutation: You are occasionally teleported next to
                  | monsters. [potion of mutation]
   968 | D:1      | Gained mutation: You are frail. (-10% HP) [potion of
                  | mutation]
   968 | D:1      | Gained mutation: You have hidden genetic potential. [potion
                  | of mutation]
   969 | D:1      | Noticed a crimson imp
   977 | D:1      | Noticed a crimson imp
   982 | D:1      | Noticed a crimson imp
   987 | D:1      | Slain by an adder

Illustrated notes

Levels and vault maps discovered:
D:1:      dpeg_arrival_tiny_k, layout_basic,
          dreamdust_ecumenical_altar_hidden_monk_grotto, serial_park_tiny_1,
          chequers_serial_rivers_micro_d, chequers_decorated_corner,
          hangedman_glass_teeth, skrybe_limestone_x,
          chequers_serial_rivers_marsh
D:2:      layout_rooms, minmay_increasing_density, uniq_natasha

Skill      XL: |  1  2 |
---------------+-------+-----
Short Blades   | 2 |  2.0
Armour         | 3 |  3.0
Shields        | 3 |  3.0
Fighting       | |  3.1

Action                   || total
-------------------------++-------
Melee: Rapier            ||    38
  Use: Scroll            ||     1
       Potion            ||     2
Armor: Scale mail        ||    25
Dodge: Dodged            ||    19
Block: Buckler           ||    10

Table legend: (Time is in decaauts)
 A = Elapsed time spent in this place.
 B = Non-inter-level travel time spent in this place.
 C = Inter-level travel time spent in this place.
 D = Time resting spent in this place.
 E = Time spent auto-exploring this place.
 F = Levels seen in this place.
 G = Mean time per level.
                   A        B        C        D        E       F      G
               +--------+--------+--------+--------+--------+-----+--------+
         Total |    995 |    890 |    105 |     81 |    612 |   2 |  497.5 |
       Dungeon |    995 |    890 |    105 |     81 |    612 |   2 |  497.5 |
               +--------+--------+--------+--------+--------+-----+--------+

Top non-repeatable levels by time:
     D:1: 860 daAuts
     D:2: 135 daAuts
